AoeStats
← waLLefps.

Arabia

503590966Analyzed
1v1 RM · 1mo ago on Sep 1, 2026· 28m 46s· 2 players
Game mode
Random Map
Map size
Tiny (2 player)
Population
200
Speed
Normal
Resources
Standard
Victory
Conquest
Starting age
Dark Age
Ending age
Imperial Age
RankedLock teamsTeams togetherTeam positionsShared explorationLock speedFull tech treeHidden civsTurbo modeCheats
Victory
Defeat
🇮🇹 Sicilians · Italy
1382
+18
🇹🇷 Magyars · Türkiye
1421
-18
lord69mark
4:42 Loom
9:33 Feudal Age
10:09 Double-Bit Axe
9:46 Man-at-Arms
14:07 Arson
22:16 Castle Age
20:44 Scale Mail Armor
20:32 Horse Collar
24:21 Bow Saw
24:23 Forging
24:01 Gambesons
24:57 Long Swordsman
25:59 Fletching
25:51 Elite Skirmisher
26:41 Pikeman
waLLefps.
4:48 Loom
10:07 Feudal Age
11:06 Double-Bit Axe
23:12 Castle Age
22:02 Horse Collar
24:13 Bloodlines
24:09 Scale Barding Armor
24:22 Bow Saw
24:23 Husbandry
25:16 Chain Barding Armor
25:16 Gold Mining
Connection lost

Rejoining the realm…

Still unreachable

The connection could not be restored.

Session expired

The server has moved on; the page needs a fresh start.